Map: Darkness Sanctuary LE

Players

LaPeste

  • Race: Protoss Protoss
  • League: Diamond
  • Spawn Location: 5:00

cHeVy - Winner!

  • Race: Zerg Zerg
  • League: Diamond
  • Spawn Location: 1:00

VOD

Have the link to the VOD?

Description

Time

  • Played on: May 26, 2018, 6:32 p.m.
  • Length: 10:18
Show
View Real Time Build Order
Export as new Build Order

LaPeste Protoss 

Build Orders: Oracle Opening, Zealot Archon 

Get SALT Encoding   

  12  0:01  Probe  
  13  0:13  Probe  
  14  0:19  Pylon  
  14  0:25  Probe  
  15  0:33  Probe  
  15  0:39  Gateway  
  15  0:41  Probe  
  17  0:51  Probe  
  17  0:52  Assimilator  
  18  0:59  Assimilator  
  18  1:02  Probe  
  19  1:10  Probe  
  20  1:18  Probe  
  20  1:23  Forge  
  21  1:29  Cybernetics Core  
  21  1:37  Pylon  
  21  1:44  Zealot  
  23  1:56  Warp Gate  
  23  1:58  Photon Cannon  
  23  2:03  Probe  
  24  2:11  Adept  
  26  2:22  Photon Cannon  
  26  2:34  Stargate  
  26  2:59  Pylon  
  26  3:03  Probe  
  27  3:08  Oracle  
  27  3:15  Probe  
  30  3:29  Gateway  
  30  3:33  Probe  
  31  3:59  Nexus  
  31  4:10  Pylon  
  31  4:12  Adept  
  33  4:18  Probe  
  33  4:19  Pylon  
  34  4:26  Phoenix  
  34  4:30  Probe  
  37  4:43  Twilight Council, Probe  
  38  4:47  Robotics Facility  
  38  4:55  Probe  
  39  5:04  Probe  
  39  5:06  Protoss Ground Weapons Level 1  
  39  5:12  Probe x2  
  41  5:14  Phoenix  
  44  5:21  Probe  
  44  5:24  Probe  
  46  5:30  Assimilator  
  46  5:32  Resonating Glaives  
  46  5:33  Probe  
  46  5:35  Observer  
  48  5:37  Probe  
  49  5:45  Probe  
  49  5:49  Adept, Probe  
  53  5:56  Immortal  
  57  5:57  Probe  
  57  6:01  Probe  
  59  6:09  Probe  
  59  6:10  Adept x2  
  64  6:13  Probe  
  65  6:18  Templar Archives  
  65  6:21  Probe  
  66  6:29  Probe  
  66  6:32  Pylon  
  67  6:33  Assimilator  
  67  6:34  Probe  
  68  6:50  Immortal  
  72  6:54  Gateway  
  72  6:56  High Templar x2  
  72  6:57  Gateway  
  76  7:05  Protoss Ground Weapons Level 2  
  76  7:06  Probe x2  
  78  7:14  Pylon  
  78  7:16  Pylon  
  78  7:18  Psionic Storm  
  78  7:21  Pylon  
  78  7:22  Probe x2, Pylon  
  77  7:34  Photon Cannon  
  77  7:38  Photon Cannon  
  77  7:40  Archon  
  77  7:49  Warp Prism  
  79  7:55  Adept x4  
  79  7:58  Probe x2  
  89  8:14  Pylon  
  89  8:16  Nexus  
  89  8:25  Adept x4  
  55  8:47  Stalker x2, Zealot  
  55  8:48  Zealot  
  56  9:01  Gateway  
  54  9:03  Photon Cannon  
  54  9:04  Photon Cannon  
  54  9:05  Gateway  
  54  9:09  High Templar x2  
  58  9:14  Archon  
  58  9:24  Pylon  
  58  9:27  High Templar x2  
  58  9:31  Archon  
  62  9:34  Probe  
  63  9:42  Probe  
  63  9:44  High Templar x2  
  67  9:51  Archon  
  67  9:52  Probe  
  68  9:57  Probe x2  
  71  10:00  Zealot x4  
  71  10:04  Probe  
Show
View Real Time Build Order
Export as new Build Order

cHeVy Zerg - Winner!

Build Orders: Pool First 

Get SALT Encoding   

  12  0:01  Drone  
  13  0:08  Extractor  
  13  0:11  Drone  
  13  0:35  Spawning Pool  
  13  0:36  Drone  
  13  0:40  Drone  
  14  0:51  Overlord  
  14  1:22  Zergling x6  
  14  1:23  Metabolic Boost  
  17  1:33  Drone  
  18  1:45  Hatchery  
  17  1:55  Drone x2  
  19  2:04  Queen  
  19  2:05  Drone  
  22  2:30  Hatchery  
  22  2:34  Overlord  
  21  2:38  Drone  
  22  2:55  Drone x2  
  22  2:57  Overlord  
  24  2:59  Drone  
  24  3:04  Queen  
  27  3:15  Drone x3  
  30  3:22  Zergling x4  
  32  3:28  Drone x2  
  32  3:33  Drone  
  32  3:49  Spore Crawler x2  
  32  3:50  Spore Crawler  
  32  3:52  Drone x3  
  33  3:56  Lair  
  33  4:01  Drone x2  
  35  4:16  Drone x3  
  35  4:17  Drone x3  
  41  4:19  Extractor  
  41  4:21  Extractor  
  39  4:29  Drone x3  
  39  4:30  Drone x2  
  43  4:32  Drone  
  43  4:43  Queen  
  44  4:46  Drone x2  
  44  4:48  Drone  
  44  4:50  Drone  
  44  4:52  Drone  
  49  4:53  Drone  
  49  4:54  Spore Crawler  
  49  5:02  Hydralisk Den  
  49  5:05  Evolution Chamber  
  49  5:06  Overlord  
  47  5:09  Overlord  
  47  5:16  Drone  
  47  5:19  Drone x2  
  50  5:22  Overlord x2  
  50  5:25  Drone  
  50  5:26  Drone  
  50  5:28  Drone x2  
  53  5:32  Grooved Spines  
  53  5:35  Zerg Missile Weapons Level 1  
  54  5:37  Drone  
  54  5:38  Drone  
  54  5:41  Hydralisk  
  58  5:44  Hydralisk  
  58  5:48  Hydralisk  
  62  5:52  Drone x2  
  62  5:53  Drone  
  65  6:03  Drone  
  66  6:06  Drone, Extractor  
  66  6:07  Drone  
  66  6:08  Drone  
  66  6:09  Extractor  
  67  6:12  Hatchery, Drone x3  
  67  6:14  Hydralisk  
  71  6:18  Hydralisk  
  71  6:24  Drone x4  
  71  6:25  Drone  
  78  6:26  Drone  
  78  6:28  Hydralisk  
  78  6:32  Overlord  
  81  6:37  Overlord  
  81  6:38  Overlord  
  81  6:44  Muscular Augments  
  81  6:50  Hydralisk x4  
  81  6:54  Overlord x2  
  89  6:58  Hydralisk x2  
  93  7:03  Hydralisk x2  
  97  7:09  Hydralisk x2  
  101  7:16  Hydralisk x4  
  109  7:23  Hydralisk x3  
  115  7:33  Hydralisk x4  
  115  7:36  Drone x2  
  126  7:37  Drone  
  126  7:38  Overlord  
  122  7:44  Zergling x2  
  122  7:45  Zergling x10  
  128  7:58  Extractor  
  127  8:02  Drone x3  
  127  8:03  Drone x2  
  127  8:04  Lurker Den  
  127  8:05  Drone x5  
  136  8:10  Spore Crawler  
  135  8:14  Overlord x4  
  135  8:20  Queen  
  97  8:40  Hydralisk  
  97  8:41  Hydralisk x11  
  115  8:49  Hydralisk x4  
  119  8:59  Hydralisk x5  
  127  9:14  Zergling x4  
  127  9:15  Zergling x14  
  136  9:23  Hydralisk  
  136  9:24  Hydralisk x3  
  136  9:30  Lurker x2  
  136  9:31  Lurker  
  147  9:37  Extractor  
  147  9:38  Extractor  
  145  9:42  Zergling x8  
  145  9:43  Zergling x6  
  152  9:48  Drone x3  
  152  9:49  Drone x3  
Tags
 
Add a new tag
Caveats
  • Supply blocks, unpowered buildings, or Contaminate may cause inaccurate times.
  • Supply counts are checked every 10 seconds.